 Dungeon Sprint DCSS version 0.31-a0-662-g684573625c (webtiles) character file.

Game seed: 17830971580982461431

3885 fingers the Blocker (level 10, -2/85 HPs)
             Began as a Ghoul Monk on Aug 31, 2023.
             Was an Elder of Hepliaklqana.
             Slain by a vault guard
             ... wielding a +0 great mace
              (27 damage)
             ... in the Dungeon (Sprint V: "Ziggurat Sprint").
             The game lasted 00:05:03 (376 turns).

fingers the Blocker (Ghoul Monk)                     Turns: 376, Time: 00:05:03

Health: -2/85      AC: 28    Str: 26    XL:     10   Next: 19%
Magic:  9/9        EV:  5    Int:  5    God:    Hepliaklqana [****..]
Gold:   0          SH: 30    Dex: 17    Spells: 9/9 levels left

rFire   . . .        M - +7 captain's cutlass {speed, disarm}
rCold   + . .        z - +18 shield of the Gong {Loud rN+ Will+ rCorr EV-5}
rNeg    + + +        y - +15 Maxwell's patent armour {-Cast -Tele rElec Will+ rCorr}
rPois   ∞            (no helmet)
rElec   +            (no cloak)
rCorr   +            (no gloves)
SInv    .            (no boots)
Will    ++...        (no amulet) Stlth
                     w - +6 ring of strength
HPRegen 0.00/turn    t - +6 ring of dexterity
MPRegen 0.11/turn

%: no teleportation, no spellcasting
@: mighty, frozen, inhibited regen, very slow
A: reduced essence, claws 1, cold resistance 1, negative energy resistance 3,
inhibited regeneration, torment resistance 2, devour on kill
a: Renounce Religion, Ancestor Life: Knight, Ancestor Life: Battlemage, Ancestor
Life: Hexer, Recall Ancestor, Ancestor Identity, Transference, Idealise


You were in the Dungeon.
You worshipped Hepliaklqana.
Hepliaklqana was greatly pleased with you.
You visited 1 branch

Inventory:

Hand Weapons
 A - the +16 obsidian axe {drain, demonic, Mesm Drain Fly SInv}
   (You found it in the Dungeon)

   Mesm:      Its wielder is mesmerised by any visible foes, and it cannot be
   unequipped while any foes are visible.
   SInv:      It lets you see invisible.
   Fly:       It grants you flight.
   Drain:     It drains your maximum health when unequipped.
 B - the +11 Singing Sword {sonic wave}
   (You found it in the Dungeon)
 C - the +8 lance "Wyrmbane" {slay drac, rPois rF+ rC+ AC+3}
   (You found it in the Dungeon)

   AC+3:      It affects your AC (+3).
   rF+:       It protects you from fire.
   rC+:       It protects you from cold.
   rPois:     It protects you from poison
 D - the +7 mace of Variability {chaos, chaos arc}
   (You found it in the Dungeon)
 E - the +6 shillelagh "Devastator" {shatter}
   (You found it in the Dungeon)
 F - the +9 sword of Power {lifebolt}
   (You found it in the Dungeon)
 G - the +9 sword of Zonguldrok {reap}
   (You found it in the Dungeon)
 M - the +7 captain's cutlass (weapon) {speed, disarm}
   (You found it in the Dungeon)
Armour
 y - the +15 Maxwell's patent armour (worn) {-Cast -Tele rElec Will+ rCorr}
   (You found it in the Dungeon)

   rElec:     It insulates you from electricity.
   Will+:     It increases your willpower.
   -Cast:     It prevents spellcasting.
   -Tele:     It prevents most forms of teleportation.
   rCorr:     It protects you from acid and corrosion.
 z - the +18 shield of the Gong (worn) {Loud rN+ Will+ rCorr EV-5}
   (You found it in the Dungeon)

   Loud:      It is deafeningly noisy when blocking attacks.
   EV-5:      It affects your evasion (-5).
   rN+:       It protects you from negative energy.
   Will+:     It increases your willpower.
   rCorr:     It protects you from acid and corrosion.
Jewellery
 r - a ring of flight
 s - a +6 ring of dexterity
 t - a +6 ring of dexterity (right claw)
 u - a +6 ring of intelligence
 v - a +6 ring of intelligence
 w - a +6 ring of strength (left claw)
 x - a +6 ring of strength
 H - a +6 ring of dexterity
Wands
 a - a wand of mindburst (7)
 c - a wand of acid (6)
 I - a wand of flame (35)
 K - a wand of roots (3)
 L - a wand of paralysis (4)
Scrolls
 h - 4 scrolls of amnesia
 n - 7 scrolls of fog
 o - 5 scrolls of identify
 p - 2 scrolls of fear
 q - 3 scrolls of blinking
 J - a scroll of brand weapon
Potions
 b - a potion of ambrosia
 d - 10 potions of curing
 e - a potion of heal wounds
 f - 4 potions of haste
 g - 7 potions of magic
 i - 2 potions of brilliance
 j - 2 potions of invisibility
 k - 3 potions of resistance
 l - a potion of experience
 m - 2 potions of might


   Skills:
 + Level 11.1 Fighting
 + Level 9.5 Long Blades
 + Level 7.5 Armour
 + Level 7.5 Dodging
 + Level 11.6 Shields
 + Level 9.6 Unarmed Combat
 + Level 0.4 Evocations


You had 9 spell levels left.
You didn't know any spells.
Your spell library contained the following spells:

 Spells                   Type           Power      Damage    Failure   Level
 Portal Projectile        Hex/Tloc       0%         N/A       100%        3
 Summon Guardian Golem    Hex/Summ       0%         N/A       100%        3
 Anguish                  Hex/Necr       0%         N/A       100%        4
 Cause Fear               Hex            0%         N/A       100%        4
 Shatter                  Erth           0%         3d5*      100%        9


Dungeon Overview and Level Annotations

Branches:
Dungeon (1/1)

Altars:
Ashenzari
Cheibriados
Dithmenos
Fedhas
Gozag
Hepliaklqana
Kikubaaqudgha
Makhleb
Nemelex Xobeh
Okawaru
Qazlal
Ru
Sif Muna
Trog
Uskayaw
Vehumet
Wu Jian
Xom
Yredelemnul
Jiyva
Lugonu

Annotations:
D 1 transporter


Innate Abilities, Weirdness & Mutations

Your life essence is reduced to manifest your ancestor. (-10% HP)
You are immune to poison.
You have sharp fingernails.
Your flesh is cold resistant. (rC+)
You are immune to negative energy. (rN+++)
You do not regenerate when monsters are visible.
You are immune to unholy pain and torment.
You thrive by killing the living.


Message History

The ironbound convoker gestures at the vault guard while chanting.
The vault guard seems to grow stronger.
You block the ironbound thunderhulk's attack.
PTOANNNG!
You puncture the ironbound thunderhulk!
The ironbound thunderhulk is heavily wounded.
The ironbound frostheart calls freezing cold from the walls.
The frost grips you but does no damage. You resist.
You are encased in ice.
You block the vault guard's attack.
PANG!
The ironbound convoker hits you but does no damage.
You puncture the ironbound thunderhulk!
The captain's cutlass flashes!
You lacerate the ironbound thunderhulk!!
The ironbound thunderhulk's +0 dire flail falls to the floor!
The ironbound thunderhulk is almost dead.
Strange energies crackle from the ironbound thunderhulk's apparatus.
The ironbound thunderhulk blinks!
The yaktaur captain unwields a +0 arbalest.
You block the yaktaur captain's attack.
BOUMMMMG!
The vault sentinel blows a loud note on a signal horn!
You block the ironbound frostheart's attack.
BOUMMMMG!
Electricity crackles from the ironbound thunderhulk's apparatus.
The bolt of lightning hits you! You resist.
You puncture the yaktaur captain!
The yaktaur captain is lightly wounded.
You block the yaktaur captain's attack.
GONNNNG!
Electricity crackles from the ironbound thunderhulk's apparatus.
The bolt of lightning hits you! You resist.
The vault sentinel blows a loud note on a signal horn!
The ironbound frostheart touches you! The ironbound frostheart freezes you!
You resist.
* * * LOW HITPOINT WARNING * * *
You puncture the yaktaur captain!
The yaktaur captain is moderately wounded.
The vault guard hits you with a +0 great mace!!
You die...

▓..8©8..▓
▓..|[[..▓
▓..[):..▓
▓.......▓
▓.O.....▓
▓.......▓
▓.......▓
▓.▓..p▓.▓
▓..ppp@c▓
▓▓▓▓▓▓▓▓▓


You could see an ironbound thunderhulk, a yaktaur captain, a vault guard
(strong), an ironbound frostheart, a vault sentinel (strong) and an ironbound
convoker.

Vanquished Creatures
  A two-headed ogre (D)
  A dancing weapon (D)
  A deep elf zephyrmancer (D)
  A deep elf pyromancer (D)
  A polar bear (D)
  A tarantella (shapeshifter) (D)
  5 air elementals (D)
  A yak (D)
  A white imp (D)
  A jackal (D)
14 creatures vanquished.

Vanquished Creatures (collateral kills)
  2 trolls (D)
  A yak (D)
  A jackal (D)
4 creatures vanquished.

Vanquished Creatures (others)
  An elf zombie (D)
  A yak zombie (D)
  A polar bear zombie (D)
  3 ancestors (D)
  A jackal zombie (D)
7 creatures vanquished.

Grand Total: 25 creatures vanquished

Notes
Turn   | Place    | Note
-------+----------+-------------------------------------------
     0 | D        | fingers the Ghoul Monk began the quest for the Orb.
     0 | D        | Reached XP level 1. HP: 19/19 MP: 0/0
     0 | D        | Found a shimmering blue altar of Sif Muna.
     0 | D        | Found a bloodstained altar of Trog.
     0 | D        | Found a sacrificial altar of Ru.
     0 | D        | Found a stormy altar of Qazlal.
     0 | D        | Found an iron altar of Okawaru.
     1 | D        | Found a sparkling altar of Nemelex Xobeh.
     1 | D        | Found a blossoming altar of Fedhas.
     1 | D        | Found the +6 Majin-Bo {spellvamp, MP+6 Int+6}
     1 | D        | Found the +27 heavy crossbow "Sniper" {heavy, Acc+∞ SInv}
     1 | D        | Found the +10 dark maul {heavy}
     1 | D        | Found the +15 Maxwell's patent armour {-Cast -Tele rElec
                  | Will+ rCorr}
     1 | D        | Found the +18 shield of the Gong {Loud rN+ Will+ rCorr
                  | EV-5}
     1 | D        | Found the +16 obsidian axe {drain, demonic, Mesm Drain Fly
                  | SInv}
     1 | D        | Found the +7 great mace "Firestarter" {flame, immolate,
                  | rFlCloud rF++}
     1 | D        | Found the +6 shillelagh "Devastator" {shatter}
     1 | D        | Found the +11 plutonium sword {Contam Stlth-}
     1 | D        | Found the +8 lance "Wyrmbane" {slay drac, rPois rF+ rC+
                  | AC+3}
     1 | D        | Found the +9 sword of Zonguldrok {reap}
     1 | D        | Found the +13 scythe of Curses {drain, curses, Drain}
     1 | D        | Found the +9 sword of Power {lifebolt}
     1 | D        | Found the +7 mace of Variability {chaos, chaos arc}
     1 | D        | Found the +11 Singing Sword {sonic wave}
     1 | D        | Found the +8 storm bow {elec, penet}
    20 | D        | Found a corrupted altar of Lugonu.
    20 | D        | Found an ancient bone altar of Kikubaaqudgha.
    20 | D        | Found a burning altar of Makhleb.
    20 | D        | Found a transporter.
    20 | D        | Found a viscous altar of Jiyva.
    20 | D        | Found a hazy altar of Hepliaklqana.
    22 | D        | Found an opulent altar of Gozag.
    75 | D        | Became a worshipper of Hepliaklqana the Forgotten
    75 | D        | Reached * piety under Hepliaklqana
    75 | D        | Reached ** piety under Hepliaklqana
    82 | D        | Entered arena 2.
    82 | D        | Noticed a polar bear
    82 | D        | Found a transporter.
    92 | D        | Killed a polar bear
    93 | D        | Reached skill level 5 in Dodging
    93 | D        | Reached XP level 2. HP: 21/27 MP: 1/1
    93 | D        | Reached XP level 3. HP: 26/34 MP: 2/2
    93 | D        | Reached XP level 4. HP: 31/40 MP: 3/3
    93 | D        | Reached XP level 5. HP: 35/45 MP: 4/4
   146 | D        | Entered arena 3.
   146 | D        | Noticed a troll
   146 | D        | Noticed a troll
   146 | D        | Noticed a two-headed ogre
   146 | D        | Found a transporter.
   153 | D        | Killed a troll
   154 | D        | Reached skill level 5 in Shields
   154 | D        | Reached XP level 6. HP: 54/54 MP: 1/5
   157 | D        | Killed a two-headed ogre
   158 | D        | Reached skill level 5 in Long Blades
   158 | D        | Reached XP level 7. HP: 62/63 MP: 2/6
   158 | D        | Reached XP level 8. HP: 68/70 MP: 2/7
   159 | D        | Killed a troll
   211 | D        | Got the Parchment of Curses
   216 | D        | Entered arena 4.
   216 | D        | Noticed a tarantella
   216 | D        | Noticed a deep elf pyromancer
   216 | D        | Noticed a deep elf zephyrmancer
   216 | D        | Noticed a +3 mace of protection
   216 | D        | Found a transporter.
   229 | D        | Killed a deep elf pyromancer
   230 | D        | Reached skill level 5 in Armour
   233 | D        | Killed a +3 mace of protection
   234 | D        | Reached skill level 10 in Fighting
   234 | D        | Reached skill level 10 in Shields
   234 | D        | Reached XP level 9. HP: 57/76 MP: 8/8
   235 | D        | Killed a tarantella
   240 | D        | Killed a deep elf zephyrmancer
   257 | D        | Entered arena 5.
   257 | D        | Reached *** piety under Hepliaklqana
   257 | D        | Found a transporter.
   287 | D        | Entered arena 6.
   287 | D        | Found the +7 captain's cutlass {speed, disarm}
   287 | D        | Found a transporter.
   287 | D        | Paralysed by an air elemental for 1 turns
   290 | D        | Paralysed by an air elemental for 1 turns
   292 | D        | Reached XP level 10. HP: 53/84 MP: 9/9
   293 | D        | Paralysed by an air elemental for 1 turns
   297 | D        | Paralysed by an air elemental for 1 turns
   300 | D        | Paralysed by an air elemental for 1 turns
   302 | D        | Paralysed by an air elemental for 1 turns
   350 | D        | Got The Lost Secrets of Incantation
   358 | D        | Entered arena 7.
   358 | D        | Noticed a vault guard
   358 | D        | Noticed an ironbound frostheart
   358 | D        | Noticed a vault sentinel
   358 | D        | Noticed an ironbound thunderhulk
   358 | D        | Noticed a yaktaur captain
   358 | D        | Noticed an ironbound convoker
   358 | D        | Reached **** piety under Hepliaklqana
   359 | D        | Found a transporter.
   376 | D        | Slain by a vault guard

Illustrated notes

Levels and vault maps discovered:
D:        sprint_v [room_start, room_1, room_2, room_3, room_4, room_5, room_6,
          room_7, room_8, room_9, room_10, room_11, room_12, room_13, room_14,
          room_15, room_16, room_17, room_18, room_19, room_20, room_21,
          room_22, room_23, room_24, room_25, room_26, room_27]

Skill      XL: |  1  2  3  4  5  6  7  8  9 10 |
---------------+-------------------------------+-----
Fighting       | 6 8 9 10 11 | 11.1
Long Blades    | 2 3 5 7 9 |  9.5
Armour         | 2 3 4 6 7 |  7.5
Dodging        | 5 6 7 |  7.5
Shields        | 3 5 7 10 11 | 11.6
Unarmed Combat | 7 8 9 |  9.6
Evocations     | |  0.4

Action                     |  1- 3 |  4- 6 |  7- 9 | 10-12 || total
---------------------------+-------+-------+-------+-------++-------
  Melee: Double sword      |     8 |     8 |    27 |    12 ||    55
         Cutlass           |       |       |       |    12 ||    12
 Invoke: Recall Ancestor   |       |     4 |     2 |       ||     6
  Evoke: Wand              |       |       |     1 |       ||     1
    Use: Potion            |     1 |     3 |     4 |     7 ||    15
 Armour: Plate armour      |    24 |    21 |    49 |    66 ||   160
  Dodge: Dodged            |       |     2 |     7 |     5 ||    14
  Block: Kite shield       |    30 |    31 |    45 |    58 ||   164

Table legend: (Time is in decaauts)
 A = Elapsed time spent in this place.
 B = Non-inter-level travel time spent in this place.
 C = Inter-level travel time spent in this place.
 D = Time resting spent in this place.
 E = Time spent auto-exploring this place.
 F = Levels seen in this place.
 G = Mean time per level.
                   A        B        C        D        E       F      G
               +--------+--------+--------+--------+--------+-----+--------+
         Total |    352 |    352 |      0 |      0 |     73 |   1 |  352.0 |
       Dungeon |    352 |    352 |      0 |      0 |     73 |   1 |  352.0 |
               +--------+--------+--------+--------+--------+-----+--------+

Top non-repeatable levels by time:
       D: 352 daAuts
